 Dungeon Crawl Stone Soup version 0.22-a0-748-g283c1ef38e (webtiles) character file.

141 Hercules1031 the Shield-Bearer (level 5, -4/28 HPs)
             Began as a Vine Stalker Fighter on July 15, 2018.
             Was an Initiate of Ashenzari.
             Killed by divine providence
             ... invoked by an orc priest
              (9 damage)
             ... on level 3 of the Dungeon.
             The game lasted 00:06:26 (1530 turns).

Hercules1031 the Shield-Bearer (VSFi)               Turns: 1530, Time: 00:06:26

Health: -4/28      AC:  6    Str: 19    XL:     5   Next: 24%
Magic:  0/8        EV:  7    Int:  8    God:    Ashenzari [......]
Gold:   103        SH:  9    Dex: 14    Spells: 6/6 levels left

rFire    . . .     SeeInvis .   a - +0 war axe
rCold    . . .     Gourm    .   c - +0 shield (curse)
rNeg     . . .     Faith    .   b - +0 scale mail
rPois    .         Spirit   +   (no helmet)
rElec    .         Reflect  .   (no cloak)
rCorr    .         Harm     .   (no gloves)
MR       .....                  (no boots)
Stlth    ..........             (no amulet)
HPRegen  0.49/turn              (no ring)
MPRegen  0.11/turn              (no ring)

@: no status effects
A: fangs 2, regeneration 1, magic shield, antimagic bite, no potion heal 3, rot
immunity
a: Curse Item, Renounce Religion


You were on level 3 of the Dungeon.
You worshipped Ashenzari.
Ashenzari was noncommittal.
You were full.

You visited 1 branch of the dungeon, and saw 3 of its levels.

You collected 103 gold pieces.

Inventory:

Hand Weapons
 a - a +0 war axe (weapon)
Armour
 b - a +0 scale mail (worn)
 c - a cursed +0 shield (worn)
Scrolls
 e - a scroll of amnesia
 h - a scroll of enchant armour {unknown}
 i - a scroll of magic mapping {unknown}
 l - 2 scrolls of fear
 m - a scroll of immolation {unknown}
Potions
 d - a potion of might
 g - a potion of curing {unknown}
 j - a potion of agility {unknown}
 k - a potion of lignification {unknown}
 n - a potion of heal wounds {unknown}
 o - a potion of magic {unknown}
Comestibles
 f - 7 rations


   Skills:
 + Level 3.2 Fighting
 + Level 2.5 Axes
 + Level 2.9 Armour
 + Level 1.2 Dodging
 + Level 3.3 Shields
 + Level 1.4 Spellcasting


You had 6 spell levels left.
You didn't know any spells.
Your spell library was empty.

Dungeon Overview and Level Annotations

Branches:
Dungeon (3/15)

Altars:
Ashenzari


Innate Abilities, Weirdness & Mutations

You have extremely sharp teeth.
Your natural rate of healing is unusually fast.
When hurt, damage is shared between your health and your magic reserves.
Your bite disrupts and absorbs the magic of your enemies.
Potions cannot restore your health.
You are immune to rotting.


Message History

You kill the orc priest!
You have reached level 5!
You slash the orc!
You kill the orc!
The orc hits you.
* * * LOW HITPOINT WARNING * * *
You closely miss the orc. You bite the orc. You drain its power.
You feel invigorated.
The orc is lightly wounded.
The orc hits you.
* * * LOW HITPOINT WARNING * * *
You slash the orc!
You kill the orc!
You slash the orc!
You kill the orc!
Things that are here:
an uncursed leather armour; an uncursed dagger; an orc corpse The orc priest calls down the wrath of Beogh upon you.
Beogh smites you!
You die...

..............#......#
..............#......#
..............#......#
......†.......#......#
#......)..............#
..........#########...#
.........###..........#
.....#..##..8...8†...#
.....#..#$o....@.[...#
#.#.##..#⌠o......)........
..#..#..#$o.........###...
#.....##..8...8..#### ##
#.##..###...........#
#...##...#########....#
#..#####..............#
.... #####...##.....# ..##
###..#.....#


You could see 2 orc priests and an orc.

Vanquished Creatures
  An orc priest (D:3)
  Natasha (D:3)
  A gnoll (D:1)
  An adder (D:3)
  2 worms (D:2)
  2 leopard geckos (D:1)
  5 orcs (D:3)
  4 giant cockroaches
  9 goblins
  2 hobgoblins (D:2)
  2 jackals (D:1)
  8 kobolds
  10 bats
  4 frilled lizards (D:2)
  4 rats
56 creatures vanquished.

Notes
Turn   | Place    | Note
-------+----------+-------------------------------------------
     0 | D:1      | Hercules1031 the Vine Stalker Fighter began the quest for the Orb.
     0 | D:1      | Reached XP level 1. HP: 11/11 MP: 2/2
    59 | D:1      | Reached XP level 2. HP: 2/16 MP: 0/3
   476 | D:1      | You fall through a shaft!
   476 | D:2      | Found a shattered altar of Ashenzari.
   502 | D:2      | Became a worshipper of Ashenzari the Shackled
   591 | D:2      | Reached XP level 3. HP: 19/19 MP: 4/4
  1244 | D:2      | Gained mutation: Your natural rate of healing is unusually fast. [Vine Stalker growth]
  1244 | D:2      | Reached XP level 4. HP: 24/24 MP: 6/6
  1316 | D:2      | Reached skill level 1 in Spellcasting
  1399 | D:3      | Noticed Natasha
  1405 | D:3      | Killed Natasha
  1405 | D:3      | Reached skill level 1 in Dodging
  1520 | D:3      | HP: 1/24 [orc priest/divine providence (12)]
  1525 | D:3      | Reached XP level 5. HP: 4/28 MP: 2/8
  1530 | D:3      | Killed from afar by an orc priest

Vault maps used:
D:1:      lemuel_arrival_tunnels
D:2:      kennysheep_pointless_box, evilmike_ruin_ashenzari
D:3:      cheibrodos_pilgrimage, first_ration, uniq_crazy_yiuf_cottage,
          uniq_natasha, uniq_terence

Skill      XL: |  1  2  3  4 |
---------------+-------------+-----
Axes           | 2 |  2.5
Shields        | 3 |  3.3
Fighting       | 3 |  3.2
Spellcasting   | 1 |  1.4
Dodging        | 1 |  1.2
Armour         | |  2.9

Action                   |  1- 3 |  4- 6 || total
-------------------------+-------+-------++-------
Melee: War axe           |    87 |    29 ||   116
       Bite              |    26 |     9 ||    35
Invok: Curse Item        |       |     1 ||     1
  Use: Scroll            |     3 |       ||     3
  Eat: Ration            |     2 |       ||     2
Armor: Scale mail        |    52 |    21 ||    73
Dodge: Dodged            |    29 |    16 ||    45
Block: Shield            |    60 |    26 ||    86

Table legend:
 A = Spawn XP
 B = Non-spawn XP
 C = Spawn XP percentage of total XP
 D = Spawn monster count
 E = Non-spawn monster count
 F = Spawn count percentage of total count
 G = Total turns spent on level
                    A         B        C        D         E        F      G
               +---------+---------+-------+---------+---------+-------+---------
         Total |       0 |     202 |   0.0 |       0 |      56 |   0.0 |  1530
               +---------+---------+-------+---------+---------+-------+---------
           D:1 |       0 |      45 |   0.0 |       0 |      18 |   0.0 |   690
           D:2 |       0 |      42 |   0.0 |       0 |      23 |   0.0 |   705
           D:3 |       0 |     115 |   0.0 |       0 |      15 |   0.0 |   135
               +---------+---------+-------+---------+---------+-------+---------
